 Dungeon Crawl Stone Soup version 0.28.0-53-g5a82cb258f (webtiles) character file.

Game seed: 3375752913659802146

594 bnorton916 the Magician (level 7, -3/36 HPs)
             Began as a Deep Elf Fire Elementalist on May 21, 2022.
             Slain by an ice beast (6 damage)
             ... on level 5 of the Dungeon.
             The game lasted 00:07:41 (7684 turns).

bnorton916 the Magician (DEFE)                      Turns: 7684, Time: 00:07:41

Health: -3/36      AC:  4    Str:  5    XL:     7   Next: 16%
Magic:  15/18      EV: 12    Int: 22    God:
Gold:   329        SH:  0    Dex: 15    Spells: 17/18 levels left

rFire   . . .      SeeInvis .   k - +0 rapier (venom)
rCold   . . .      Faith    .   (no shield)
rNeg    . . .      Spirit   .   a - +1 robe
rPois   .          Reflect  .   (no helmet)
rElec   .          Harm     .   d - +0 cloak
rCorr   .          Rampage  .   (no gloves)
Will    .....                   (no boots)
Stlth   ++........              (no amulet)
HPRegen 0.12/turn               (no ring)
MPRegen 0.16/turn               (no ring)

@: no status effects
A: no striking features
a: no special abilities


You were on level 5 of the Dungeon.
You visited 1 branch of the dungeon, and saw 5 of its levels.

You collected 329 gold pieces.

Inventory:

Hand Weapons
 b - a +2 vorpal spear
 e - a +1 dagger of speed
 k - a +0 rapier of venom (weapon)
Missiles
 p - a throwing net
Armour
 a - a +1 robe (worn)
 d - a +0 cloak (worn)
Wands
 h - a wand of iceblast (13)
Scrolls
 g - a scroll of fear
 n - a scroll of immolation {unknown}
 o - a scroll of enchant armour
 q - a scroll of identify
 r - a scroll of blinking
Potions
 c - a potion of brilliance {unknown}
 f - a potion of resistance {unknown}
 i - a potion of invisibility {unknown}
 j - 3 potions of curing {unknown}
 l - 2 potions of magic {unknown}
 m - a potion of berserk rage {unknown}


   Skills:
 - Level 2.4 Dodging
 - Level 2.4 Stealth
 + Level 6.4 Spellcasting
 + Level 4.8 Conjurations
 + Level 5.9 Fire Magic


You had 17 spell levels left.
You knew the following spells:

 Your Spells              Type           Power      Damage    Failure   Level
a - Foxfire               Conj/Fire      100%       2x1d9     1%          1

Your spell library contained the following spells:

 Spells                   Type           Power      Damage    Failure   Level
 Scorch                   Fire           66%        2d8       1%          2
 Conjure Flame            Conj/Fire      30%        6-21      2%          3
 Inner Flame              Hex/Fire       20%        N/A       8%          3
 Flame Wave               Conj/Fire      30%        2d8       10%         4
 Blink                    Tloc           14%        N/A       13%         2
 Lesser Beckoning         Tloc           7%         N/A       26%         3
 Manifold Assault         Tloc           7%         N/A       94%         5


Dungeon Overview and Level Annotations

Branches:
Dungeon (5/15)
 Temple: D:4-7

Altars:
Cheibriados
Dithmenos
The Shining One

Shops:
D:4 =


Message History

Confirm with . or Enter, or press ? or * to list all spells.
You conjure some foxfire!
Your foxfire dissipates!
You start resting.
Your foxfire dissipates!
You start resting.
Your foxfire dissipates!
You start resting.
Magic restored.
You start resting.
An ice beast comes into view.
An ice beast is nearby!
You see here an iguana corpse.
Found 7 gold pieces.
Found a stone staircase leading down.
Found an escape hatch in the floor.
Casting: Foxfire (safe; 1% risk of failure)
Confirm with . or Enter, or press ? or * to list all spells.
You conjure some foxfire!
The foxfire hits the ice beast.
The ice beast melts!
The ice beast is lightly wounded.
The foxfire hits the ice beast.
The ice beast melts!
The ice beast is moderately wounded.
Unknown command.
Casting: Foxfire (safe; 1% risk of failure)
Confirm with . or Enter, or press ? or * to list all spells.
You conjure some foxfire!
The ice beast hits you. The ice beast freezes you!
* * * LOW HITPOINT WARNING * * *
The foxfire hits the ice beast but does no damage.
The ice beast is moderately wounded.
The foxfire hits the ice beast but does no damage.
The ice beast is moderately wounded.
The ice beast hits you but does no damage.
Unknown command.
Okay, then.
Casting: Foxfire (safe; 1% risk of failure)
Confirm with . or Enter, or press ? or * to list all spells.
You conjure some foxfire!
The ice beast hits you.
* * * LOW HITPOINT WARNING * * *
The ice beast freezes you.
You die...

#######..#.......
............#.# #.#
#######.##..#.# #.#
........##..#.# #.# #
.#####^.##....# #.#.# #
#...#.†##.#######.#.##.#
#......##.#...........
###.......#.v.###.#.####.
#.....)...v@Y..<.......
#.........#.###.#.#####
##.######.#.# #.# #
###†### #.#.# #.# #.....#
#.#.###.# #.....#
#.#÷....#
#.....####.....###
###......'.....#
########.....#


You could see an ice beast (ally target).

Vanquished Creatures
  A black bear (D:4)
  An ogre (D:4)
  A scorpion (D:5)
  2 hounds (D:4)
  A jelly (D:4)
  2 iguanas
  5 gnolls
  7 adders
  2 ufetubi
  A dart slug (D:3)
  An orc (D:4)
  8 bats
  6 endoplasms
  A giant cockroach (D:3)
  11 goblins
  14 hobgoblins
  7 jackals
  3 kobolds
  6 quokkas
  6 ball pythons
  4 frilled lizards
  10 rats
100 creatures vanquished.

Vanquished Creatures (others)
  463 foxfires
463 creatures vanquished.

Grand Total: 563 creatures vanquished

Notes
Turn   | Place    | Note
-------+----------+-------------------------------------------
     0 | D:1      | bnorton916 the Deep Elf Fire Elementalist began the quest
                  | for the Orb.
     0 | D:1      | Reached XP level 1. HP: 10/10 MP: 6/6
   475 | D:1      | Reached XP level 2. HP: 15/15 MP: 5/8
  1932 | D:1      | Reached XP level 3. HP: 19/19 MP: 6/10
  2595 | D:2      | Reached skill level 4 in Spellcasting
  3236 | D:2      | Found a snail-covered altar of Cheibriados.
  3239 | D:2      | Reached XP level 4. HP: 21/24 MP: 8/12
  3373 | D:2      | Found a faded altar of an unknown god.
  5118 | D:4      | Reached XP level 5. HP: 28/28 MP: 11/14
  5961 | D:4      | Found a glowing golden altar of the Shining One.
  5992 | D:4      | Noticed a black bear
  6024 | D:4      | Killed a black bear
  6025 | D:4      | Reached skill level 5 in Spellcasting
  6025 | D:4      | Reached skill level 5 in Fire Magic
  6205 | D:4      | Found a shadowy altar of Dithmenos.
  6224 | D:4      | Noticed an ogre
  6227 | D:4      | Reached XP level 6. HP: 32/32 MP: 13/16
  6403 | D:4      | Found Pewn's Jewellery Boutique.
  6424 | D:4      | Reached skill level 6 in Spellcasting
  7455 | D:5      | Entered Level 5 of the Dungeon
  7514 | D:5      | Reached XP level 7. HP: 36/36 MP: 14/18
  7684 | D:5      | Slain by an ice beast

Illustrated notes

Levels and vault maps discovered:
D:1:      onia_arrival_mini_spirals, layout_loops_ring,
          minmay_misc_feat_hallway, minmay_pentomino_x2
D:2:      layout_rooms, basic_altar, basic_ecumenical_altar,
          minmay_misc_feat_cross, corexii_leaking_fountain
D:3:      wad_crossroads, layout_loops_cross
D:4:      cheibrodos_greedy_goblins, layout_basic,
          mainiacjoe_overflow_catch_the_wave, portal_sewer_entry_e,
          serial_shops, nicolae_diamond_shop, dk_noncrumbling_2
D:5:      layout_basic, serial_shops,
          nicolae_shop_temple_entry_statues_fountains, uniq_ijyb

Skill      XL: |  1  2  3  4  5  6 |
---------------+-------------------+-----
Conjurations   | 2 3 4 |  4.8
Spellcasting   | 4 5 6 |  6.4
Fire Magic     | 4 5 |  5.9
Dodging        | |  2.4
Stealth        | |  2.4

Action                   |  1- 3 |  4- 6 |  7- 9 || total
-------------------------+-------+-------+-------++-------
Melee: Rapier            |       |     6 |     1 ||     7
 Cast: Foxfire           |   116 |   152 |    15 ||   283
  Use: Scroll            |       |     8 |       ||     8
Armor: Robe              |     6 |    17 |     3 ||    26
Dodge: Dodged            |    21 |    35 |     3 ||    59
